 Dungeon Crawl Stone Soup version 0.31.0-32-g396128a36d (webtiles) character file.

Game seed: 17154791815263661392

12009 Jinxx the Frost Mage (level 11, 0/78 (81) HPs)
             Began as a Merfolk Ice Elementalist on Apr 7, 2024.
             Was a Believer of Qazlal.
             Slain by a hell rat (7 damage)
             ... on level 2 of the Lair of Beasts.
             The game lasted 00:50:45 (11174 turns).

Jinxx the Frost Mage (Merfolk Ice Elementalist)    Turns: 11174, Time: 00:50:45

HP:   0/78 (81)     AC: 11    Str:  8    XL:     11   Next: 86%
MP:   20/23         EV: 16    Int: 18    God:    Qazlal [**....]
Gold: 395           SH:  3    Dex: 19    Spells: 1/26 levels left

rFire   . . .        s - +3 trident (drain)
rCold   . . .        (no shield)
rNeg    . . .        E - +2 robe "Qangid" {Dex+3}
rPois   .            r - +2 hat
rElec   .            t - +0 cloak
rCorr   .            R - +0 pair of gloves
SInv    .            o - +2 pair of boots
Will    .....        b - amulet of regeneration
Stlth   ++           m - +4 ring of slaying
HPRegen 1.13/turn    M - ring of wizardry
MPRegen 0.18/turn

%: wizardry (x1)
@: hasted, lightly drained, very quick
A: (nimble swimmer 2), mertail
a: Renounce Religion, Upheaval


You were on level 2 of the Lair of Beasts.
You worshipped Qazlal.
Qazlal was pleased with you.
You visited 3 branches of the dungeon, and saw 11 of its levels.
You also visited: Ossuary.

You collected 587 gold pieces.
You spent 192 gold pieces at shops.

Inventory:

Hand Weapons
 s - a +3 trident of draining (weapon)
Missiles
 a - 5 boomerangs
 D - 4 curare-tipped darts
 F - 3 poisoned darts
Armour
 l - a +0 robe of resistance
 o - a +2 pair of boots (worn)
 r - a +2 hat (worn)
 t - a +0 cloak (worn)
 E - the +2 robe "Qangid" (worn) {Dex+3}
   (You found it on level 2 of the Lair of Beasts)

   Dex+3:     It affects your dexterity (+3).
 R - a +0 pair of gloves (worn)
Jewellery
 b - an amulet of regeneration (around neck)
 m - a +4 ring of slaying (left hand)
 z - a ring of protection from cold
 K - a ring of see invisible
 M - a ring of wizardry (right hand)
 N - a ring of willpower
 O - a +5 ring of evasion
 T - an amulet of reflection
Wands
 q - a wand of roots (7)
 A - a wand of flame (19)
Scrolls
 c - 5 scrolls of fear
 e - 3 scrolls of immolation
 f - 3 scrolls of fog {unknown}
 g - 3 scrolls of vulnerability
 h - 4 scrolls of blinking
 k - 2 scrolls of revelation {unknown}
 x - 3 scrolls of amnesia
 y - a scroll of enchant weapon {unknown}
 B - 2 scrolls of enchant armour {unknown}
 C - a scroll of butterflies {unknown}
 G - 2 scrolls of teleportation {unknown}
 I - a scroll of noise {unknown}
 L - a scroll of silence {unknown}
 S - a scroll of torment {unknown}
Potions
 i - 3 potions of attraction
 j - a potion of brilliance
 n - 2 potions of degeneration
 p - a potion of curing
 u - 3 potions of lignification
 v - a potion of magic
 w - 2 potions of resistance
 P - a potion of mutation {unknown}
 Q - a potion of might {unknown}


   Skills:
 * Level 5.9 Fighting
 + Level 3.2 Short Blades
 * Level 6.1 Polearms
 + Level 3.6 Throwing
 * Level 3.6 Armour
 * Level 7.1 Dodging
 + Level 3.0 Stealth
 + Level 0.4 Unarmed Combat
 * Level 8.0 Spellcasting
 * Level 4.0 Conjurations
 * Level 5.3 Summonings
 * Level 9.4 Ice Magic
 * Level 1.9 Air Magic
 * Level 2.6 Invocations
 * Level 3.7 Evocations


You had one spell level left.
You knew the following spells:

 Your Spells              Type           Power      Damage    Failure   Level
a - Freeze                Ice            100%       1d10      1%          1
b - Frozen Ramparts       Ice            82%        1d13      1%          3
c - Ozocubu's Armour      Ice            41%        N/A       1%          3
d - Searing Ray           Conj           42%        2d6       1%          2
e - Summon Ice Beast      Ice/Summ       33%        N/A       1%          3
f - Chain Lightning       Conj/Air       8%         3d11      100%        9
g - Blink                 Tloc           14%        N/A       6%          2
h - Call Imp              Summ           52%        N/A       1%          2

Your spell library contained the following spells:

 Spells                   Type           Power      Damage    Failure   Level
 Kiss of Death            Conj/Necr      56%        2d9       1%          1
 Magic Dart               Conj           84%        1d7       1%          1
 Momentum Strike          Conj/Tloc      28%        3d8       2%          2
 Lesser Beckoning         Tloc           14%        N/A       6%          2
 Sublimation of Blood     Necr           7%         N/A       6%          2
 Confusing Touch          Hex            7%         N/A       12%         3
 Volatile Blastmotes      Fire/Tloc      14%        2d11      12%         3
 Fulminant Prism          Conj/Alch      7%         3d7       16%         4
 Iskenderun's Mystic Bla  Conj/Tloc      14%        2d5       16%         4
 Dispel Undead            Necr           7%         3d8       34%         4
 Summon Hydra             Summ           13%        N/A       97%         7
 Fire Storm               Conj/Fire      7%         8d2       100%        9
 Shatter                  Erth           3%         3d7*      100%        9


Dungeon Overview and Level Annotations

Branches:
Dungeon (8/15)             Temple (1/1) D:7            Lair (2/5) D:8
Ossuary (visited)
  Swamp: Lair:2-3    Shoals: Lair:2-3     Snake: Lair:2-3    Spider: Lair:2-3

Altars:
Ashenzari
Cheibriados
Dithmenos
Elyvilon
Fedhas
Gozag
Hepliaklqana
Kikubaaqudgha
Makhleb
Nemelex Xobeh
Okawaru
Qazlal
Ru
Sif Muna
Trog
Uskayaw
Vehumet
Wu Jian
Xom
Yredelemnul
Zin
The Shining One

Shops:
D:3 [   D:6 :


Innate Abilities, Weirdness & Mutations

((You are very nimble when in or above water. (Stealth+, EV+, Speed+++)))
Your lower body shifts to a powerful aquatic tail in water.


Message History

You hit the hell rat but do no damage. Your punch misses the hell rat.
The hell rat completely misses you.
You hit the hell rat but do no damage.
The electric eel shoots out a bolt of lightning at you!
The bolt of electricity hits you.
The hell rat splashes around in the water.
You puncture the hell rat!
You punch the hell rat, but do no damage.
The hell rat is heavily wounded.
The electric eel shoots out a bolt of lightning at you!
The bolt of electricity misses you. The hell rat closely misses you.
Casting: Ozocubu's Armour (safe; 1% risk of failure)
Confirm with . or Enter, or press ? or * to list all spells.
A chill wind blows around you.
The hell rat bites you but does no damage.
Your icy armour cracks and falls away as you move.
The hell rat bites you!
* * * LOW HITPOINT WARNING * * *
The electric eel shoots out a bolt of lightning at you!
The bolt of electricity hits you.
* * * LOW HITPOINT WARNING * * *
You see here a hell rat corpse.
You feel better.
The hell rat splashes around in the water.
The electric eel shoots out a bolt of lightning at you!
The bolt of electricity hits you.
* * * LOW HITPOINT WARNING * * *
You feel yourself speed up.
The hell rat splashes around in the water.
Your +2 pair of boots unmelds from your body.
The electric eel shoots out a bolt of lightning at you!
The bolt of electricity hits your ice beast.
The bolt of electricity hits you!
* * * LOW HITPOINT WARNING * * *
The hell rat attacks as it pursues you! The hell rat bites you.
* * * LOW HITPOINT WARNING * * *
You feel drained.
Your ice beast closely misses the hell rat.
The hell rat attacks as it pursues you! The hell rat bites you!
You die...

. ≈~♣. .♣.~~~.♣ ♣♣..~≈~.♣
.♣.♣~≈~♣ ...... ..~~≈~♣♣♣
....... ♣ ♣♣♣.~≈≈~..♣
#.......♣. ♣♣♣.♣.~~~~♣♣
#........♣ ♣..♣.††≈~~.♣♣
#........♣♣♣♣@.♣.~≈~~.P♣.
#..........♣.♣r♣.~≈~~/♣.♣
#.........♣.♣♣♣..~≈~♣.P♣
#..........♣♣♣.♣Y~≈~.♣♣.♣
#.........♣...♣.♣†≈~...♣.
#........♣♣♣.♣♣♣~S≈~.♣♣♣
#.......♣♣P....♣~≈≈~../♣
# .#.......♣...
♣♣♣~~~~P.P♣
...........♣♣♣♣.♣
:~≈~~.♣♣..


You could see a hell rat (ally target), an electric eel and a friendly ice beast
(summoned).

Vanquished Creatures
  Erica (D:8)
  Pikel (D:4)
  A torpor snail (Lair:1)
  2 cane toads (Lair:1)
  Jeremiah (D:6)
  Maggie (D:8)
  4 komodo dragons
  17 yaks
  Eustachio (D:4)
  4 wyverns
  Grum (D:8)
  2 steam dragons
  5 water moccasins
  Duvessa (D:4)
  Pargi (D:4)
  2 ice beasts
  4 black bears
  2 ogres
  6 wolves
  2 phantoms (D:4)
  A centaur (D:7)
  8 bullfrogs
  A kobold brigand (D:7)
  2 elf zombies (Ossuary)
  A gnoll sergeant (D:8)
  A burial acolyte (D:7)
  Dowan (D:4)
  3 killer bees (D:8)
  An electric eel (Lair:2)
  A howler monkey (D:8)
  5 centaur zombies (Ossuary)
  A bombardier beetle (D:5)
  3 hounds
  A jelly (D:6)
  2 orc priests (D:4)
  3 iguanas
  4 orc wizards
  4 hell rats (Lair:2)
  A hound zombie (Ossuary)
  A mummy (D:5)
  8 gnolls
  8 adders
  A shadow imp (D:5)
  3 white imps
  5 adder zombies
  3 dart slugs
  A ribbon worm (D:3)
  25 orcs
  10 ball pythons
  7 endoplasms
  4 giant cockroaches
  A gnoll zombie (Ossuary)
  7 goblins
  4 hobgoblins
  4 jackals (D:4)
  7 kobolds
  6 quokkas
  5 bats
  5 frilled lizards
  7 jackal zombies
  2 kobold zombies (Ossuary)
  5 orc zombies (Ossuary)
  6 rats
238 creatures vanquished.

Vanquished Creatures (collateral kills)
  2 yaks (Lair:1)
  A centaur (D:6)
  An elf zombie (Ossuary)
  3 killer bees (D:8)
  A hound (D:6)
  A human zombie (Ossuary)
  2 orc priests (D:8)
  2 mummies (Ossuary)
  An adder zombie (Ossuary)
  3 gnoll zombies (Ossuary)
  A jackal zombie (Ossuary)
  A kobold zombie (Ossuary)
  4 orc zombies (Ossuary)
23 creatures vanquished.

Vanquished Creatures (others)
  2 wolves (D:8)
  A kobold brigand (D:8)
  An orc priest (D:8)
  3 orcs (D:8)
7 creatures vanquished.

Grand Total: 268 creatures vanquished

Notes
Turn   | Place    | Note
-------+----------+-------------------------------------------
     0 | D:1      | Jinxx the Merfolk Ice Elementalist began the quest for the
                  | Orb.
     0 | D:1      | Reached XP level 1. HP: 13/13 MP: 3/3
   114 | D:1      | Found a faded altar of an unknown god.
   114 | D:1      | Noticed an ice devil
   204 | D:1      | Reached XP level 2. HP: 19/19 MP: 3/5
   559 | D:1      | Reached XP level 3. HP: 16/24 MP: 0/6
   685 | D:1      | Reached skill level 5 in Ice Magic
  1093 | D:2      | Learned a level 3 spell: Frozen Ramparts
  1097 | D:2      | Learned a level 3 spell: Ozocubu's Armour
  1848 | D:3      | Reached XP level 4. HP: 30/30 MP: 6/8
  1895 | D:3      | Found an iron altar of Okawaru.
  1900 | D:3      | Found a sacrificial altar of Ru.
  2052 | D:3      | Found a broken altar of Ashenzari.
  2084 | D:3      | Reached skill level 1 in Short Blades
  2211 | D:3      | Found a hide-covered altar of Uskayaw.
  2220 | D:3      | Reached XP level 5. HP: 26/36 MP: 2/9
  2470 | D:3      | Found Betol's Armour Emporium.
  2475 | D:3      | Bought a +2 hat for 192 gold pieces
  2603 | D:4      | Noticed a black bear
  2609 | D:4      | Killed a black bear
  2610 | D:4      | Reached skill level 1 in Fighting
  2610 | D:4      | Reached skill level 1 in Armour
  2610 | D:4      | Reached skill level 1 in Summonings
  2610 | D:4      | Reached XP level 6. HP: 36/43 MP: 1/10
  2751 | D:4      | Learned a level 2 spell: Searing Ray
  2871 | D:4      | Noticed Pikel
  2882 | D:4      | Killed Pikel
  2883 | D:4      | Reached skill level 1 in Conjurations
  2883 | D:4      | Reached skill level 6 in Ice Magic
  2883 | D:4      | Reached XP level 7. HP: 24/50 MP: 1/13
  2974 | D:4      | Learned a level 3 spell: Summon Ice Beast
  3326 | D:4      | Noticed Pargi
  3344 | D:4      | Noticed Duvessa
  3346 | D:4      | Killed Pargi
  3347 | D:4      | Reached XP level 8. HP: 40/56 MP: 5/14
  3349 | D:4      | Noticed Dowan
  3373 | D:4      | Killed Dowan
  3374 | D:4      | Killed Duvessa
  3597 | D:4      | Reached skill level 1 in Throwing
  3673 | D:4      | Reached skill level 5 in Spellcasting
  3780 | D:4      | Noticed Eustachio
  3792 | D:4      | Killed Eustachio
  3793 | D:4      | Reached skill level 7 in Ice Magic
  4112 | D:5      | Entered Level 5 of the Dungeon
  4150 | D:5      | Found a sand-covered staircase.
  4172 | Ossuary  | Entered an ossuary
  5105 | Ossuary  | Reached XP level 9. HP: 64/64 MP: 2/17
  5135 | Ossuary  | Reached skill level 5 in Dodging
  6209 | D:5      | Found a burning altar of Makhleb.
  6761 | D:6      | Found Meguiluu's Tremendous Tomes.
  7098 | D:6      | Noticed Jeremiah
  7120 | D:6      | Reached skill level 8 in Ice Magic
  7217 | D:6      | Killed Jeremiah
  7626 | D:7      | Reached skill level 1 in Polearms
  7626 | D:7      | Reached XP level 10. HP: 71/71 MP: 12/19
  7633 | D:7      | Reached skill level 1 in Evocations
  7923 | D:7      | Found an opulent altar of Gozag.
  7963 | D:7      | Found a glowing silver altar of Zin.
  7998 | D:7      | Found a staircase to the Ecumenical Temple.
  8016 | Temple   | Entered the Ecumenical Temple
  8036 | Temple   | Became a worshipper of Qazlal Stormbringer
  8070 | D:7      | Learned a level 9 spell: Chain Lightning
  8303 | D:7      | Found an ancient bone altar of Kikubaaqudgha.
  8805 | D:8      | Noticed Maggie
  8822 | D:8      | Killed Maggie
  8915 | D:8      | Reached skill level 1 in Invocations
  8930 | D:8      | Reached * piety under Qazlal
  9289 | D:8      | Found a shimmering altar of Xom.
  9290 | D:8      | Noticed Erica
  9293 | D:8      | Noticed Grum
  9311 | D:8      | Killed Grum
  9323 | D:8      | Killed Erica
  9324 | D:8      | Reached skill level 9 in Ice Magic
  9324 | D:8      | Reached skill level 1 in Air Magic
  9606 | D:8      | Found a staircase to the Lair.
  9629 | D:8      | Reached XP level 11. HP: 73/78 MP: 12/21
  9912 | Lair:1   | Entered Level 1 of the Lair of Beasts
  9995 | Lair:1   | Reached skill level 5 in Fighting
 10023 | Lair:1   | Reached skill level 5 in Polearms
 10319 | Lair:1   | Reached skill level 5 in Summonings
 10839 | Lair:2   | Identified the +2 robe "Qangid" {Dex+3}
 10874 | Lair:2   | Reached ** piety under Qazlal
 11106 | Lair:2   | Learned a level 2 spell: Blink
 11109 | Lair:2   | Learned a level 2 spell: Call Imp
 11174 | Lair:2   | Slain by a hell rat

Illustrated notes

Levels and vault maps discovered:
D:1:      mrwooster_arrival_statue, layout_loops_ring,
          dreamdust_ecumenical_altar_sealed_demon
D:2:      layout_basic
D:3:      layout_basic, overflow_temple_1_default,
          mainiacjoe_overflow_cross_hatched,
          chequers_temple_overflow_statue_of_worship, serial_shops, shop,
          minmay_shallow_snake_nest
D:4:      layout_loops_cross, uniq_pargi, uniq_duvessa, uniq_pikel,
          uniq_eustachio
D:5:      layout_basic, mainiacjoe_overflow_brackets, gup_ossuary_entry_pyramid
D:6:      layout_gridville, nicolae_shop_i_like_big_books, uniq_jeremiah
D:7:      hellmonk_ruined_rings, layout_loops_ring,
          pdpol_temple_overflow_zin_treasury_gozag_greed,
          lemuel_zombie_altar_kikubaaqudgha,
          minmay_temple_entry_statues_fountains
D:8:      layout_loops_ring, xom_confusion_cloud, david_lair_shrubbed,
          nicolae_elevator_lobby_plus, uniq_erica, uniq_maggie, uniq_grum
Temple:   dshaligram_water_room_temple
Lair:1:   layout_big_grid, grunt_megastairs_1
Lair:2:   layout_big_grid, wad_woods_river_01, lemuel_fruit_tree

Skill      XL: |  1  2  3  4  5  6  7  8  9 10 11 |
---------------+----------------------------------+-----
Ice Magic      | 5 6 7 8 9 |  9.4
Dodging        | 3 4 5 6 7 |  7.1
Short Blades   | 1 2 3 |  3.2
Spellcasting   | 3 4 5 6 7 8 |  8.0
Fighting       | 1 2 3 4 5 |  5.9
Armour         | 1 2 3 |  3.6
Summonings     | 1 2 3 4 5 |  5.3
Conjurations   | 1 2 3 4 |  4.0
Throwing       | 1 3 |  3.6
Polearms       | 1 4 6 |  6.1
Evocations     | 2 3 |  3.7
Stealth        | 3 |  3.0
Invocations    | 1 2 |  2.6
Air Magic      | 1 |  1.9
Unarmed Combat | |  0.4

Action                     |  1- 3 |  4- 6 |  7- 9 | 10-12 || total
---------------------------+-------+-------+-------+-------++-------
  Melee: Unarmed           |     4 |       |       |       ||     4
         Short sword       |    55 |    38 |       |       ||    93
         Punch             |     1 |     1 |     7 |     2 ||    11
         Dagger            |       |    43 |   250 |       ||   293
         Trident           |       |       |    16 |   230 ||   246
         Tailslap          |       |       |       |     5 ||     5
  Throw: Boomerang         |       |     1 |     9 |       ||    10
         Dart              |       |     2 |    10 |     9 ||    21
   Cast: Freeze            |    55 |    19 |    37 |     5 ||   116
         Frozen Ramparts   |       |     5 |    51 |    29 ||    85
         Ozocubu's Armour  |       |     2 |    38 |    23 ||    63
         Summon Ice Beast  |       |       |    13 |     7 ||    20
         Searing Ray       |       |       |    11 |     5 ||    16
  Evoke: Wand              |       |       |       |     1 ||     1
    Use: Scroll            |       |     6 |     3 |     4 ||    13
         Potion            |       |       |     3 |     4 ||     7
   Stab: Sleeping          |     4 |     2 |     2 |     1 ||     9
 Armour: Robe              |    51 |    53 |   199 |   122 ||   425
  Dodge: Dodged            |    86 |    49 |   227 |   183 ||   545
  Block: Other             |       |       |       |    10 ||    10
